 Dungeon Crawl Stone Soup version 0.23.2-40-g277498a001 (webtiles) character file.

Game seed: 13757915354976155881

1137 Kikorro the Chopper (level 8, 0/68 HPs)
             Began as a Hill Orc Fighter on Sept 23, 2019.
             Was an Initiate of Makhleb.
             Succumbed to MalarOregon's ghost's poison
             ... on level 5 of the Dungeon.
             The game lasted 00:16:54 (5668 turns).

Kikorro the Chopper (Hill Orc Fighter)              Turns: 5668, Time: 00:16:55

Health: 0/68       AC:  8    Str: 21    XL:     8   Next: 36%
Magic:  8/8        EV:  8    Int:  8    God:    Makhleb [......]
Gold:   177        SH: 10    Dex: 10    Spells: 7/7 levels left

rFire    . . .     SeeInvis .   r - +4 spear of Revolt {pierce, +Rage MR+}
rCold    . . .     Gourm    .   c - +0 shield
rNeg     + . .     Faith    .   b - +0 scale mail
rPois    .         Spirit   .   s - +0 helmet
rElec    .         Reflect  .   (no cloak)
rCorr    .         Harm     .   (no gloves)
MR       +....                  (no boots)
Stlth    +.........             (no amulet)
HPRegen  0.21/turn              j - ring of stealth
MPRegen  0.11/turn              k - ring of positive energy

@: lethally poisoned (0 -> -27)
A: no striking features
a: Renounce Religion, Evoke Berserk Rage


You were on level 5 of the Dungeon.
You worshipped Makhleb.
Makhleb was noncommittal.
You were not hungry.

You visited 2 branches of the dungeon, and saw 6 of its levels.

You collected 255 gold pieces.
You spent 78 gold pieces at shops.

Inventory:

Hand Weapons
 a - a +0 war axe
 r - the +4 spear of Revolt (weapon) {pierce, +Rage MR+}
   (You found it on level 4 of the Dungeon)

   It inflicts extra damage upon your enemies.
   It affects your resistance to hostile enchantments.
   It lets you go berserk.
Armour
 b - a +0 scale mail (worn)
 c - a +0 shield (worn)
 s - a +0 helmet (worn)
Jewellery
 j - a ring of stealth (left hand)
 k - a ring of positive energy (right hand)
Wands
 o - a wand of iceblast (17)
 u - a wand of flame (30)
 v - a wand of random effects (10)
Scrolls
 e - 2 scrolls of magic mapping
 h - 6 scrolls of teleportation
 n - a scroll of fear
 t - a scroll of amnesia {unknown}
 w - a scroll of enchant weapon
 x - a scroll of fog {unknown}
 y - a scroll of enchant armour {unknown}
Potions
 d - a potion of might
 g - a potion of cancellation
 l - 4 potions of curing
 m - a potion of magic
 p - 2 potions of mutation
 A - 2 potions of ambrosia {unknown}
Comestibles
 f - 6 rations
 i - 4 chunks of flesh


   Skills:
 + Level 5.3 Fighting
 + Level 6.9(7.3) Axes
 + Level 2.7(4.6) Polearms
 + Level 6.2 Armour
 + Level 2.0 Dodging
 - Level 0.3 Stealth
 + Level 5.6 Shields


You had 7 spell levels left.
You didn't know any spells.
Your spell library was empty.

Dungeon Overview and Level Annotations

Branches:
Dungeon (5/15)             Temple (1/1) D:5

Altars:
Ashenzari
Cheibriados
Hepliaklqana
Makhleb
Nemelex Xobeh
Okawaru
Ru
Sif Muna
Vehumet
Wu Jian
Xom
Beogh
Lugonu

Shops:
D:4 ?

Annotations:
D:5 1 runed translucent door, MalarOregon's ghost, novice DrAK


Message History

You closely miss MalarOregon's ghost.
MalarOregon's ghost is moderately damaged.
* * * LOW HITPOINT WARNING * * *
You feel sick. MalarOregon's ghost hits you.
* * * LOW HITPOINT WARNING * * *
You are more poisoned.
You hit MalarOregon's ghost.
MalarOregon's ghost is moderately damaged.
* * * LOW HITPOINT WARNING * * *
You feel sick. MalarOregon's ghost hits you.
* * * LOW HITPOINT WARNING * * *
You are more poisoned.
You hit MalarOregon's ghost.
MalarOregon's ghost is moderately damaged.
* * * LOW HITPOINT WARNING * * *
You feel very sick. You block MalarOregon's ghost's attack.
You hit MalarOregon's ghost.
MalarOregon's ghost is heavily damaged.
You die...

#.....#.#.###≈≈≈#
#..####.###.#
#########.#.###≈≈≈#
###.###.#
..............#≈?≈#
#.......#
#########.#.###≈≈≈#
##.#...... #
#.#.###≈≈≈#
#.......#.#
#########.#...#≈≈≈#
#.#.#...#.#
.##.......#####ws≈#
...........#
....####### ##W##
###.#.#...### ...##
#.@.##.........!###
....#######
#....#.#######.....
..........#
#..#...######....##
....#####.#
#................#
...##
##.#.............#
..##
#.#.###########.#
.## ..#.# #.# ##
#.###.# #.# #. #.#
#.# #.#


You could see a worm, MalarOregon's ghost and a giant cockroach.

Vanquished Creatures
  The ghost of MalarOregon the Skirmisher, an amateur DrSk (D:3)
  Grinder (D:3)
  A sky beast (D:5)
  An ice beast (D:5)
  An ogre (D:5)
  A centaur (D:5)
  A scorpion (D:4)
  A hound (D:5)
  Jessica (D:3)
  Ijyb (D:4)
  Terence (D:2)
  Natasha (thrice) (D:2)
  A hound skeleton (D:4)
  Robin (D:3)
  3 adders
  A shadow imp (D:5)
  4 worms
  A dart slug (D:1)
  3 leopard geckos
  8 orcs
  7 giant cockroaches
  12 goblins
  10 hobgoblins
  9 jackals
  A ball python (D:3)
  2 bats
  7 frilled lizards
  6 kobolds
  A leopard gecko skeleton (D:4)
  A leopard gecko zombie (D:5)
  A quokka skeleton (D:4)
  4 rats
97 creatures vanquished.

Notes
Turn   | Place    | Note
-------+----------+-------------------------------------------
     0 | D:1      | Kikorro the Hill Orc Fighter began the quest for the Orb.
     0 | D:1      | Reached XP level 1. HP: 19/19 MP: 1/1
    10 | D:1      | Noticed a bullfrog
   251 | D:1      | Reached XP level 2. HP: 21/27 MP: 2/2
   850 | D:1      | Reached XP level 3. HP: 33/33 MP: 3/3
  1023 | D:2      | Found an iron altar of Okawaru.
  1226 | D:2      | Noticed Natasha
  1236 | D:2      | Killed Natasha
  1567 | D:2      | Noticed Terence
  1575 | D:2      | Killed Terence
  1575 | D:2      | Reached XP level 4. HP: 36/40 MP: 4/4
  1576 | D:2      | Found an iron altar of Okawaru.
  1967 | D:2      | Noticed Natasha
  1974 | D:2      | Killed Natasha
  2097 | D:2      | Noticed Natasha
  2104 | D:2      | Killed Natasha
  2104 | D:2      | Reached XP level 5. HP: 45/46 MP: 5/5
  2270 | D:3      | Found a deep blue altar of Sif Muna.
  2279 | D:3      | Found a snail-covered altar of Cheibriados.
  2319 | D:3      | Noticed Grinder
  2327 | D:3      | Paralysed by Grinder for 5 turns
  2345 | D:3      | Paralysed by Grinder for 5 turns
  2358 | D:3      | Paralysed by Grinder for 7 turns
  2742 | D:3      | Killed Grinder
  2742 | D:3      | Reached skill level 5 in Axes
  2742 | D:3      | Reached skill level 1 in Dodging
  2742 | D:3      | Reached XP level 6. HP: 42/53 MP: 6/6
  2881 | D:3      | Found an ornate altar of the Wu Jian Council.
  2941 | D:3      | Identified the +5 short sword of Sunlight {drain, Str+2}
  2942 | D:3      | Found a runed translucent gate.
  2942 | D:3      | Noticed MalarOregon's ghost (amateur DrSk)
  2943 | D:3      | Found a runed translucent gate.
  2944 | D:3      | Found a runed translucent gate.
  2952 | D:3      | Found a roughly hewn altar of Beogh.
  3081 | D:3      | Noticed Robin
  3087 | D:3      | Noticed Jessica
  3092 | D:3      | Killed Jessica
  3109 | D:3      | Killed Robin
  3464 | D:3      | Killed MalarOregon's ghost
  3464 | D:3      | Reached skill level 5 in Armour
  3464 | D:3      | Reached skill level 5 in Shields
  3464 | D:3      | Reached XP level 7. HP: 24/60 MP: 7/7
  3779 | D:4      | Got a twisted spear
  3780 | D:4      | Identified the +4 spear of Revolt {pierce, +Rage MR+} (You
                  | found it on level 4 of the Dungeon)
  3804 | D:4      | Noticed Ijyb
  3819 | D:4      | Killed Ijyb
  4166 | D:4      | Found Fismuigh's Magic Scroll Boutique.
  4174 | D:4      | Bought a scroll of magic mapping for 42 gold pieces
  4174 | D:4      | Bought a scroll of teleportation for 36 gold pieces
  4568 | D:5      | Entered Level 5 of the Dungeon
  4581 | D:5      | Found a staircase to the Ecumenical Temple.
  4587 | Temple   | Entered the Ecumenical Temple
  4601 | Temple   | Became a worshipper of Makhleb the Destroyer
  4846 | D:5      | Reached skill level 5 in Fighting
  4846 | D:5      | Reached skill level 1 in Polearms
  4846 | D:5      | Reached XP level 8. HP: 36/68 MP: 8/8
  5005 | D:5      | Found a runed translucent door.
  5141 | D:5      | Found a radiant altar of Vehumet.
  5636 | D:5      | Found a runed translucent door.
  5639 | D:5      | Noticed MalarOregon's ghost (novice DrAK)
  5667 | D:5      | HP: 2/68 [poisoned by MalarOregon's ghost]
  5668 | D:5      | Succumbed to MalarOregon's ghost's poison

Skill      XL: |  1  2  3  4  5  6  7  8 |
---------------+-------------------------+-----
Axes           | 3 4 5 6 |  6.9
Armour         | 4 5 6 |  6.2
Shields        | 4 5 |  5.6
Fighting       | 4 5 |  5.3
Dodging        | 1 2 |  2.0
Polearms       | 1 2 |  2.7
Stealth        | |  0.3

Action                   |  1- 3 |  4- 6 |  7- 9 || total
-------------------------+-------+-------+-------++-------
Melee: War axe           |   108 |   154 |     1 ||   263
       Spear             |       |       |   133 ||   133
  Use: Scroll            |     1 |     4 |     5 ||    10
       Potion            |       |     2 |     2 ||     4
  Eat: Chunk             |     2 |     3 |     7 ||    12
       Ration            |       |     1 |       ||     1
Armor: Scale mail        |    55 |    66 |    30 ||   151
Dodge: Dodged            |    39 |    63 |    22 ||   124
Block: Shield            |    59 |    79 |    57 ||   195
